 Dungeon Crawl Stone Soup version 0.28-a0-390-gb254ac4902 (webtiles) character file.

Game seed: 14176117137763815512

80 zdrol the Shield-Bearer (level 4, -8/40 HPs)
             Began as a Minotaur Fighter on Sept 4, 2021.
             Mangled by an ogre (12 damage)
             ... on level 2 of the Dungeon.
             The game lasted 00:04:36 (1581 turns).

zdrol the Shield-Bearer (Minotaur Fighter)          Turns: 1581, Time: 00:04:37

Health: -8/40      AC:  7    Str: 20    XL:     4   Next: 18%
Magic:  3/3        EV: 10    Int:  5    God:
Gold:   95         SH:  4    Dex: 11    Spells: 3/3 levels left

rFire   . . .      SeeInvis .   a - +0 flail
rCold   . . .      Faith    .   c - +0 buckler
rNeg    . . .      Spirit   .   b - +0 scale mail
rPois   .          Reflect  .   (helmet restricted)
rElec   .          Harm     .   (no cloak)
rCorr   .          Rampage  .   (no gloves)
Will    .....                   (no boots)
Stlth   ..........              (no amulet)
HPRegen 0.13/turn               (no ring)
MPRegen 0.08/turn               (no ring)

@: no status effects
A: horns 2, retaliatory headbutt
a: no special abilities


You were on level 2 of the Dungeon.
You visited 1 branch of the dungeon, and saw 3 of its levels.

You collected 95 gold pieces.

Inventory:

Hand Weapons
 a - a +0 flail (weapon)
 g - a +2 dagger of venom
Armour
 b - a +0 scale mail (worn)
 c - a +0 buckler (worn)
Scrolls
 e - a scroll of silence {unknown}
 f - a scroll of fear {unknown}
 h - a scroll of teleportation
 k - a scroll of identify
Potions
 d - a potion of might
 i - a potion of magic {unknown}
 j - a potion of heal wounds {unknown}


   Skills:
 + Level 4.1 Fighting
 + Level 3.6 Maces & Flails
 + Level 4.2 Armour
 + Level 1.3 Dodging
 + Level 4.2 Shields


You had 3 spell levels left.
You didn't know any spells.
Your spell library was empty.

Dungeon Overview and Level Annotations

Branches:
Dungeon (3/15)

Altars:


Innate Abilities, Weirdness & Mutations

You have a pair of horns on your head.
You reflexively headbutt those who attack you in melee.


Message History

You kill the jackal!
The jackal bites you but does no damage.
You miss the jackal. You block the jackal's attack. x2
The jackal bites you but does no damage.
The jackal bites you.
You closely miss the jackal. You block the jackal's attack.
The jackal bites you but does no damage. x2
The jackal bites you.
You sock the jackal!
You kill the jackal!
The jackal bites you but does no damage.
You barely miss the jackal.
The jackal bites you but does no damage. x2
You miss the jackal. You headbutt the jackal.
You kill the jackal!
k - a scroll of identify
Things that are here:
a jackal corpse; a jackal corpse An ogre comes into view.
It is wielding a +0 giant spiked club.
The ogre shouts!
The ogre moves out of view.
You block the ogre's attack.
You sock the ogre!
The ogre is moderately wounded.
The ogre hits you with a +0 giant spiked club!!
Ouch! That really hurt!
You hit the ogre.
The ogre is heavily wounded.
The ogre closely misses you.
You hit the ogre.
The ogre is heavily wounded.
The ogre barely misses you.
You hit the ogre.
The ogre is almost dead.
The ogre hits you with a +0 giant spiked club!
* * * LOW HITPOINT WARNING * * *
You closely miss the ogre.
The ogre is almost dead.
The ogre hits you with a +0 giant spiked club!
You die...

####.<######
# #### # ♣♣♣
# ..♣ ♣..♣♣♣♣
..... ♣...♣
♣♣♣♣.O.♣
♣....@♣♣♣♣
♣.♣♣♣♣....♣♣♣
♣♣♣♣...♣♣♣
♣♣....♣♣♣♣ ♣♣
♣♣♣.....♣♣♣
♣♣.♣
♣♣♣♣....♣
♣♣.♣♣♣
♣♣♣..♣♣
♣♣♣....♣♣
♣♣..♣
♣...♣♣.)♣
♣♣♣♣..♣♣


You could see an ogre.

Vanquished Creatures
  A gnoll (D:1)
  An adder (D:3)
  A worm (D:3)
  2 dart slugs (D:2)
  5 bats
  7 endoplasms
  2 giant cockroaches (D:1)
  6 hobgoblins
  4 jackals (D:2)
  5 kobolds (D:1)
  4 quokkas
  A ball python (D:1)
  3 frilled lizards (D:1)
  5 goblins
  3 rats
50 creatures vanquished.

Vanquished Creatures (others)
  A fungus (D:1)
1 creature vanquished.

Grand Total: 51 creatures vanquished

Notes
Turn   | Place    | Note
-------+----------+-------------------------------------------
     0 | D:1      | zdrol the Minotaur Fighter began the quest for the Orb.
     0 | D:1      | Reached XP level 1. HP: 19/19 MP: 0/0
   267 | D:1      | Reached XP level 2. HP: 24/27 MP: 1/1
   606 | D:1      | Reached XP level 3. HP: 33/33 MP: 2/2
   623 | D:1      | Reached skill level 1 in Dodging
  1253 | D:2      | Reached XP level 4. HP: 40/40 MP: 3/3
  1574 | D:2      | Noticed an ogre
  1581 | D:2      | Mangled by an ogre

Illustrated notes

Levels and vault maps discovered:
D:1:      onia_arrival_mini_maze, layout_rooms, st_stairs_3,
          minmay_crystal_water
D:2:      kb_forest_paths, layout_basic, grunt_ministairs_1, minmay_tromino_v7
D:3:      layout_rooms, hellmonk_ecumenical_altar_blasted, uniq_jessica

Skill      XL: |  1  2  3 |
---------------+----------+-----
Shields        | 4 |  4.2
Armour         | 4 |  4.2
Fighting       | 4 |  4.1
Maces & Flails | 3 |  3.6
Dodging        | 1 |  1.3

Action                   |  1- 3 |  4- 6 || total
-------------------------+-------+-------++-------
Melee: Flail             |   101 |    23 ||   124
       Headbutt          |    16 |     5 ||    21
  Use: Scroll            |     2 |       ||     2
Armor: Scale mail        |    47 |    13 ||    60
Dodge: Dodged            |    58 |    14 ||    72
Block: Buckler           |    32 |     7 ||    39

Table legend: (Time is in decaauts)
 A = Elapsed time spent in this place.
 B = Non-inter-level travel time spent in this place.
 C = Inter-level travel time spent in this place.
 D = Time resting spent in this place.
 E = Time spent auto-exploring this place.
 F = Levels seen in this place.
 G = Mean time per level.
                   A        B        C        D        E       F      G
               +--------+--------+--------+--------+--------+-----+--------+
         Total |   1616 |   1616 |      0 |    138 |    830 |   3 |  538.7 |
       Dungeon |   1616 |   1616 |      0 |    138 |    830 |   3 |  538.7 |
               +--------+--------+--------+--------+--------+-----+--------+

Top non-repeatable levels by time:
     D:1: 946 daAuts
     D:2: 621 daAuts
     D:3: 49 daAuts
